 Dungeon Crawl Stone Soup version 0.31-a0-664-g902f515a81 (webtiles) character file.

Game seed: 6468632774284645391

5477 Rexyalt the Protected (level 10, 0/89 (92) HPs)
             Began as a Hill Orc Gladiator on Sept 1, 2023.
             Was a Believer of Trog.
             Slain by a wight
             ... wielding a +5 scimitar
              (13 damage)
             ... on level 9 of the Dungeon on Sept 2, 2023.
             The game lasted 00:15:49 (9315 turns).

Rexyalt the Protected (Hill Orc Gladiator)          Turns: 9315, Time: 00:15:50

HP:   0/89 (92)     AC: 32    Str: 18    XL:     10   Next: 69%
MP:   10/10         EV:  7    Int: 11    God:    Trog [**....]
Gold: 422           SH:  0    Dex: 12    Spells: 9/9 levels left

rFire   + + .        a - +0 war axe
rCold   + . .        (no shield)
rNeg    . . .        g - +10 plate armour of Mudo {Str-4 Int+3 Slay+3}
rPois   .            l - +2 helmet
rElec   .            i - +2 cloak
rCorr   .            (no gloves)
SInv    .            (no boots)
Will    .....        w - amulet of magic regeneration Stlth
                     F - ring of protection from fire
HPRegen 0.34/turn    C - ring of protection from cold
MPRegen 0.52/turn

%: no passive effects
@: lightly drained
A: fire resistance 1
a: Renounce Religion, Berserk, Trog's Hand


You were on level 9 of the Dungeon.
You worshipped Trog.
Trog was pleased with you.
You visited 2 branches of the dungeon, and saw 10 of its levels.

You collected 422 gold pieces.

Inventory:

Hand Weapons
 a - a +0 war axe (weapon)
 x - the +9 falchion "Rocwun" {antimagic, Will+ Int+3}
   (You found it on level 6 of the Dungeon)

   Int+3:     It affects your intelligence (+3).
   Will+:     It increases your willpower.
 D - the +2 quarterstaff of Drought {pain, Contam rN++ Will- Str+8}
   (You found it on level 8 of the Dungeon)

   Str+8:     It affects your strength (+8).
   rN++:      It greatly protects you from negative energy.
   Will-:     It decreases your willpower.
   Contam:    It causes magical contamination when unequipped.
Missiles
 d - 3 throwing nets (quivered)
 e - a javelin
Armour
 g - the +10 plate armour of Mudo (worn) {Str-4 Int+3 Slay+3}
   (You acquired it on level 1 of the Dungeon)

   Str-4:     It affects your strength (-4).
   Int+3:     It affects your intelligence (+3).
   Slay+3:    It affects your accuracy & damage with ranged weapons and melee
   (+3).
 i - a +2 cloak (worn)
 l - a +2 helmet (worn)
 A - the +4 ring mail "Ratwuibb" {Drain rN+ Stlth+}
   (You found it on level 8 of the Dungeon)

   rN+:       It protects you from negative energy.
   Drain:     It drains your maximum health when unequipped.
   Stlth+:    It makes you more stealthy.
Jewellery
 f - a ring of resist corrosion
 w - an amulet of magic regeneration (around neck)
 z - a ring of protection from fire
 C - a ring of protection from cold (right hand)
 F - a ring of protection from fire (left hand)
Talismans
 p - a talisman of death
Wands
 m - a wand of quicksilver (8)
 s - a wand of flame (24)
 y - a wand of roots (15)
Scrolls
 b - a scroll of noise
 n - a scroll of vulnerability
 r - a scroll of fog
 u - a scroll of silence
 B - a scroll of blinking
Potions
 c - a potion of ambrosia
 h - a potion of cancellation
 j - 2 potions of lignification {unknown}
 k - a potion of curing
 o - 2 potions of brilliance
 q - a potion of magic {unknown}
 t - 2 potions of degeneration
 v - a potion of might


   Skills:
 + Level 9.6 Fighting
 + Level 11.0 Axes
 - Level 1.7 Throwing
 * Level 12.0 Armour
 - Level 2.4 Dodging


You had 9 spell levels left.
You didn't know any spells.
Your spell library contained the following spells:

 Spells                   Type           Power      Damage    Failure   Level
 Ensorcelled Hibernation  Hex/Ice        0%         N/A       100%        2
 Passwall                 Tmut/Erth      0%         N/A       100%        2
 Swiftness                Air            0%         N/A       100%        3


Dungeon Overview and Level Annotations

Branches:
Dungeon (9/15) Zot: 26197  Temple (1/1) D:4 Zot: 5896    Lair (0/5) D:8
    Orc: D:9-12

Altars:
Ashenzari
Cheibriados
Dithmenos
Elyvilon
Fedhas
Gozag
Kikubaaqudgha
Nemelex Xobeh
Qazlal
Ru
Sif Muna
Trog
Uskayaw
Vehumet
Xom
Yredelemnul
The Shining One

Shops:
D:5 (   D:7 =   D:8 (

Annotations:
D:4 Grinder


Innate Abilities, Weirdness & Mutations

Your flesh is heat resistant. (rF+)


Message History

You barely miss something. Something hits you.
Something bites you but does no damage.
Your Axes skill increases to level 11!
Your Armour skill increases to level 12!
You take 2 damage, and have 39/92 hp.
You hear some strange, mumbled words.
You are confused.
A wight comes into view.
It is wielding a +6 morningstar of freezing.
A wight comes into view. It is wielding a +0 battleaxe.
Something hits you but does no damage. Something bites you but does no damage.
You're too confused to move!
The wight hits you with a +5 scimitar!
You hear some strange, mumbled words.
Something tries to affect you, but you resist.
You take 9 damage, and have 31/92 hp.
You miss something. You barely miss the wight.
The wight hits you but does no damage. Something hits you but does no damage.
Something bites you.
Something draws strength from your injuries!
You take 1 damage, and have 30/92 hp.
You bump into the rock wall.
You feel less confused. The wight hits you with a +5 scimitar!
* * * LOW HITPOINT WARNING * * *
You feel drained.
* * * LOW HITPOINT WARNING * * *
You hear some strange, mumbled words.
Something tries to affect you, but you resist.
You take 9 damage, and have 21/89 hp.
You barely miss something. You hit the wight.
The wight hits you but does no damage. Something hits you!
* * * LOW HITPOINT WARNING * * *
Something bites you but does no damage.
You take 8 damage, and have 13/89 hp.
Unknown command.
Blink to where?
Press: ? - help, Dir - move target
Okay, then.
The wight hits you with a +5 scimitar!
You die...

###########.############.
.........................
.........................
........................#
####....................#
####....z...............#
.............z..........#
............z...{........
##########.....z@........
#..########.....
#########..######## ....
.............[..... ...
................... ..
########...########. #
...................
...................
...........########


You could see 3 wights.

Vanquished Creatures
  A flayed ghost (D:8)
  A troll (D:9)
  Prince Ribbit (D:7)
  2 hornets
  A shadow (D:8)
  Sigmund (D:2)
  4 wraiths (D:8)
  3 fire bats (D:8)
  Edmund (D:6)
  3 water moccasins
  4 orc warriors
  A black bear (D:5)
  2 ogres
  3 centaurs (D:8)
  3 bullfrogs
  A gnoll sergeant (D:7)
  2 scorpions
  5 howler monkeys
  7 killer bees (D:8)
  2 hounds
  A jelly (D:8)
  2 orc priests (D:5)
  2 sleepcaps
  Jessica (D:2)
  An iguana (D:6)
  3 orc wizards
  12 gnolls
  7 adders
  2 white imps
  An ufetubus (D:6)
  7 worms
  5 dart slugs
  21 orcs
  3 endoplasms
  3 giant cockroaches
  6 goblins
  6 hobgoblins
  3 jackals (D:1)
  7 kobolds
  4 quokkas
  12 ball pythons
  11 bats
  5 frilled lizards
  A rat (D:2)
174 creatures vanquished.

Notes
Turn   | Place    | Note
-------+----------+-------------------------------------------
     0 | D:1      | Rexyalt the Hill Orc Gladiator began the quest for the Orb.
     0 | D:1      | Reached XP level 1. HP: 18/18 MP: 1/1
    54 | D:1      | Identified a scroll of acquirement
    54 | D:1      | Acquired the +10 plate armour of Mudo {Str-4 Int+3 Slay+3}
   125 | D:1      | Reached skill level 1 in Armour
   129 | D:1      | Reached XP level 2. HP: 25/25 MP: 2/2
   457 | D:1      | Found a faded altar of an unknown god.
   853 | D:2      | Reached XP level 3. HP: 30/30 MP: 3/3
   857 | D:2      | Reached skill level 2 in Armour
   906 | D:2      | Reached XP level 4. HP: 6/38 MP: 4/4
  1167 | D:2      | Reached skill level 3 in Armour
  1177 | D:2      | Reached skill level 5 in Axes
  1177 | D:2      | Reached XP level 5. HP: 43/46 MP: 5/5
  1288 | D:2      | Noticed Sigmund
  1300 | D:2      | Killed Sigmund
  1301 | D:2      | Reached skill level 4 in Armour
  1301 | D:2      | Reached XP level 6. HP: 45/53 MP: 6/6
  1762 | D:2      | Noticed Jessica
  1767 | D:2      | Killed Jessica
  2161 | D:3      | Found a broken altar of Ashenzari.
  2348 | D:3      | Reached skill level 5 in Armour
  2611 | D:3      | Found a white marble altar of Elyvilon.
  2832 | D:4      | Found a staircase to the Ecumenical Temple.
  2844 | Temple   | Entered the Ecumenical Temple
  2916 | Temple   | Became a worshipper of Trog the Wrathful
  3050 | D:4      | Reached XP level 7. HP: 58/60 MP: 7/7
  3517 | D:5      | Entered Level 5 of the Dungeon
  3517 | D:5      | Noticed Grinder
  3521 | D:5      | Paralysed by Grinder for 4 turns
  3580 | D:5      | Reached skill level 5 in Fighting
  3896 | D:5      | Found Furu's Antique Weapon Shop.
  4053 | D:5      | Reached skill level 6 in Armour
  4513 | D:5      | Reached XP level 8. HP: 49/70 MP: 8/8
  4742 | D:5      | Found a stormy altar of Qazlal.
  4899 | D:6      | Noticed Edmund
  4911 | D:6      | Killed Edmund
  4912 | D:6      | Reached skill level 7 in Armour
  5475 | D:6      | Found a basalt altar of Yredelemnul.
  5688 | D:6      | Identified the +9 falchion "Rocwun" {antimagic, Will+
                  | Int+3}
  5805 | D:7      | Gained mutation: Your system is resistant to poisons.
                  | (rPois) [potion of mutation]
  5805 | D:7      | Gained mutation: You sometimes lose your temper in combat.
                  | [potion of mutation]
  5805 | D:7      | Gained mutation: You are vulnerable to cold. (rC-) [potion
                  | of mutation]
  5806 | D:7      | Lost mutation: You sometimes lose your temper in combat.
                  | [potion of mutation]
  5806 | D:7      | Lost mutation: You are vulnerable to cold. (rC-) [potion of
                  | mutation]
  5806 | D:7      | Lost mutation: Your system is resistant to poisons. (rPois)
                  | [potion of mutation]
  5806 | D:7      | Gained mutation: Your flesh is heat resistant. (rF+)
                  | [potion of mutation]
  5848 | D:7      | Found Uruhoiv's Jewellery Shoppe.
  5867 | D:7      | Reached skill level 8 in Armour
  5887 | D:7      | Noticed Prince Ribbit
  6261 | D:7      | Killed Prince Ribbit
  6274 | D:6      | Reached XP level 9. HP: 31/79 MP: 9/9
  6523 | D:7      | Reached * piety under Trog
  6626 | D:7      | Reached skill level 9 in Armour
  6904 | D:7      | Found an opulent altar of Gozag.
  7068 | D:8      | Noticed a hornet
  7073 | D:8      | Paralysed by a hornet for 1 turns
  7078 | D:8      | Paralysed by a hornet for 3 turns
  7199 | D:8      | Found Lucs's Weapon Emporium.
  7499 | D:8      | Paralysed by a hornet for 2 turns
  7499 | D:8      | HP: 2/81 [hornet (8)]
  7507 | D:8      | Killed a hornet
  7651 | D:8      | Reached skill level 10 in Armour
  7733 | D:8      | Upgraded the game from 0.31-a0-662-g684573625c to
                  | 0.31-a0-664-g902f515a81
  7789 | D:8      | Noticed a flayed ghost
  7789 | D:8      | Found a runed translucent door.
  7845 | D:8      | Found a staircase to the Lair.
  7851 | D:8      | Found an ancient bone altar of Kikubaaqudgha.
  7937 | D:8      | Found a blossoming altar of Fedhas.
  7945 | D:8      | Found a hide-covered altar of Uskayaw.
  7955 | D:8      | Reached ** piety under Trog
  7984 | D:8      | Reached XP level 10. HP: 90/90 MP: 10/10
  7991 | D:8      | Found an opulent altar of Gozag.
  7999 | D:8      | Reached skill level 10 in Axes
  8006 | D:8      | Found a stormy altar of Qazlal.
  8009 | D:8      | Found a snail-covered altar of Cheibriados.
  8096 | D:8      | Reached skill level 11 in Armour
  8104 | D:8      | Found a bloodstained altar of Trog.
  8153 | D:8      | Identified the +4 ring mail "Ratwuibb" {Drain rN+ Stlth+}
  8232 | D:8      | Found a hide-covered altar of Uskayaw.
  8387 | D:8      | Killed a flayed ghost
  8442 | D:8      | Identified the +2 quarterstaff of Drought {pain, Contam
                  | rN++ Will- Str+8}
  8758 | D:9      | Paralysed by a hornet for 1 turns
  8764 | D:9      | Paralysed by a hornet for 3 turns
  9308 | D:9      | Reached skill level 12 in Armour
  9315 | D:9      | Slain by a wight

Illustrated notes

Levels and vault maps discovered:
D:1:      dpeg_arrival_pond, layout_loops_ring, shapermc_ecumenical_altar_gd
D:2:      layout_loops_ring, minmay_puff, uniq_jessica, uniq_sigmund
D:3:      layout_basic, nicolae_elyvilon_temple_path,
          ashenzari_conservatory_becter, grunt_decor_arrowhead
D:4:      layout_basic, temple_statues
D:5:      layout_cave_pods, lemuel_crystal_altar, serial_shops,
          kennysheep_little_box, nicolae_underground_beach, uniq_grinder
D:6:      layout_gridville, mainiacjoe_overflow_cross_hatched, uniq_edmund
D:7:      layout_rooms, nicolae_gozag_seed_capital, serial_shops,
          kennysheep_mini_moat, uniq_prince_ribbit1
D:8:      due_megacathedral, layout_rooms, mainiacjoe_overflow_alcove_1,
          mainiacjoe_overflow_tiny_flanked, lair_entry_dummy, serial_shops, shop
D:9:      layout_long_grid, nicolae_hepliaklqana_hazy_memory, minitemple,
          serial_shops, nicolae_shop_trees
Temple:   nicolae_temple_bog_church

Skill      XL: |  1  2  3  4  5  6  7  8  9 10 |
---------------+-------------------------------+-----
Armour         | 1 2 3 4 5 6 8 10 12 | 12.0
Fighting       | 3 4 5 7 8 9 |  9.6
Axes           | 5 6 8 9 11 | 11.0
Throwing       | |  1.7
Dodging        | |  2.4

Action                     |  1- 3 |  4- 6 |  7- 9 | 10-12 || total
---------------------------+-------+-------+-------+-------++-------
  Melee: War axe           |    67 |   122 |   266 |   131 ||   586
         Punch             |       |       |     6 |       ||     6
    Use: Scroll            |     5 |     4 |    17 |     1 ||    27
         Potion            |       |     1 |     5 |       ||     6
 Armour: Plate armour      |    68 |   129 |   389 |   201 ||   787
         Leather armour    |     4 |       |       |       ||     4
         Skin              |     1 |       |       |       ||     1
  Dodge: Dodged            |    23 |    38 |   103 |    58 ||   222

Table legend: (Time is in decaauts)
 A = Elapsed time spent in this place.
 B = Non-inter-level travel time spent in this place.
 C = Inter-level travel time spent in this place.
 D = Time resting spent in this place.
 E = Time spent auto-exploring this place.
 F = Levels seen in this place.
 G = Mean time per level.
                   A        B        C        D        E       F      G
               +--------+--------+--------+--------+--------+-----+--------+
         Total |   9427 |   9233 |    194 |   1709 |   5871 |  10 |  942.7 |
       Dungeon |   9323 |   9129 |    194 |   1709 |   5871 |   9 | 1035.9 |
        Temple |    103 |    103 |      0 |      0 |      0 |   1 |  103.0 |
               +--------+--------+--------+--------+--------+-----+--------+

Top non-repeatable levels by time:
     D:6: 1597 daAuts
     D:8: 1552 daAuts
     D:5: 1225 daAuts
     D:2: 1120 daAuts
     D:3: 881 daAuts
     D:1: 860 daAuts
     D:9: 801 daAuts
     D:4: 644 daAuts
     D:7: 639 daAuts
  Temple: 103 daAuts
